 Dungeon Crawl Stone Soup version 0.30.1-9-gdf580d7c3d (webtiles) character file.

Game seed: 5741419367617847092

105 eliilek the Shield-Bearer (level 4, 0/40 HPs)
             Began as a Minotaur Fighter on Sept 27, 2023.
             Was a Follower of Lugonu.
             Slain by a gnoll
             ... wielding a +0 spear
              (3 damage)
             ... on level 3 of the Dungeon.
             The game lasted 00:04:39 (1592 turns).

eliilek the Shield-Bearer (Minotaur Fighter)        Turns: 1592, Time: 00:04:40

Health: 0/40       AC:  9    Str: 21    XL:     4   Next: 53%
Magic:  3/3        EV:  9    Int:  5    God:    Lugonu [*.....]
Gold:   137        SH:  5    Dex: 11    Spells: 3/3 levels left

rFire   . . .        a - +0 flail
rCold   . . .        c - +0 buckler
rNeg    . . .        b - +0 scale mail
rPois   .            (helmet restricted)
rElec   .            t - +0 cloak
rCorr   +            (no gloves)
SInv    .            h - +0 pair of boots
Will    .....        (no amulet) Stlth
                     i - ring of resist corrosion
HPRegen 0.26/turn    (no ring)
MPRegen 0.08/turn

%: no passive effects
@: no status effects
A: horns 2, retaliatory headbutt
a: Renounce Religion, Depart the Abyss


You were on level 3 of the Dungeon.
You worshipped Lugonu.
Lugonu was aware of your devotion.
You visited 1 branch of the dungeon, and saw 3 of its levels.

You collected 137 gold pieces.

Inventory:

Hand Weapons
 a - a +0 flail (weapon)
Missiles
 v - 12 poisoned darts (quivered)
Armour
 b - a +0 scale mail (worn)
 c - a +0 buckler (worn)
 h - a +0 pair of boots (worn)
 t - a +0 cloak (worn)
Jewellery
 i - a ring of resist corrosion (left hand)
Scrolls
 e - 2 scrolls of teleportation {unknown}
 m - a scroll of poison {unknown}
 n - 2 scrolls of noise {unknown}
 o - 2 scrolls of torment {unknown}
 p - a scroll of immolation {unknown}
 q - 3 scrolls of identify {unknown}
 s - a scroll of amnesia {unknown}
 x - a scroll of silence {unknown}
Potions
 d - a potion of degeneration {unknown}
 f - 3 potions of berserk rage {unknown}
 g - 2 potions of curing {unknown}
 j - a potion of heal wounds {unknown}
 k - a potion of attraction {unknown}
 l - 2 potions of brilliance {unknown}
 r - a potion of haste {unknown}
 u - a potion of lignification {unknown}
 w - 2 potions of invisibility {unknown}


   Skills:
 + Level 4.1 Fighting
 * Level 3.8 Maces & Flails
 + Level 4.2 Armour
 * Level 4.8 Shields


You had 3 spell levels left.
You didn't know any spells.
Your spell library contained the following spells:

 Spells                   Type           Power      Damage    Failure   Level
 Magic Dart               Conj           0%         1d3       86%         1
 Call Imp                 Summ           0%         N/A       95%         2
 Searing Ray              Conj           0%         2d4       95%         2
 Mephitic Cloud           Conj/Pois/Air  0%         N/A       99%         3
 Fulminant Prism          Conj/Hex       0%         3d5       100%        4


Dungeon Overview and Level Annotations

Branches:
Dungeon (3/15)

Altars:
Lugonu


Innate Abilities, Weirdness & Mutations

You have a pair of horns on your head.
You reflexively headbutt those who attack you in melee.


Message History

The gnoll is moderately wounded.
The gnoll hits you but does no damage.
The gnoll hits you from afar with a +0 halberd.
* * * LOW HITPOINT WARNING * * *
You block the gnoll's attack. The gnoll attacks as you move away!
The gnoll hits you but does no damage.
There is a stone staircase leading up here.
You block the gnoll's attack.
You climb upwards.
There is a stone staircase leading down here.
You sock the gnoll!
You kill the gnoll!
Lugonu accepts your kill.
You start resting.
HP restored.
Things that are here:
a +0 whip; a gnoll corpse
There is a stone staircase leading down here.
You climb downwards.
There is a stone staircase leading up here.
You hit the gnoll but do no damage. The gnoll hits you with a +0 halberd!
The gnoll misses you.
You hit the gnoll. Your headbutt misses the gnoll.
The gnoll is moderately wounded.
The gnoll hits you with a +0 halberd. The gnoll closely misses you.
The gnoll hits you from afar with a +0 spear.
The gnoll barely misses you.
You closely miss the gnoll.
The gnoll is moderately wounded.
The gnoll hits you with a +0 halberd!
The gnoll hits you from afar with a +0 spear.
You hit the gnoll but do no damage.
The gnoll is moderately wounded.
The gnoll hits you with a +0 halberd!
* * * LOW HITPOINT WARNING * * *
You block the gnoll's attack. The gnoll hits you with a +0 halberd!
* * * LOW HITPOINT WARNING * * *
The gnoll hits you from afar with a +0 spear.
You die...

#.# #.# #<# #.# .# #.#
.# # #.# .# #. #.# .#
#..####.###.#####.
###...@.g......(....#
.......g.............#.#
#####.#####.#..#####.#.#
#. #.#..# #.#.. . #..g.#
#.#.# ## #.#.## #.#.#
#.#.######....
..#...gg....#. #
###########....


You could see 2 gnolls.

Vanquished Creatures
  Robin (D:2)
  2 gnolls
  An adder (D:3)
  A worm (D:3)
  3 dart slugs
  6 ball pythons
  5 bats
  2 endoplasms
  A giant cockroach (D:2)
  12 goblins
  6 hobgoblins
  3 frilled lizards (D:1)
  4 kobolds
  8 rats
55 creatures vanquished.

Notes
Turn   | Place    | Note
-------+----------+-------------------------------------------
     0 | D:1      | eliilek the Minotaur Fighter began the quest for the Orb.
     0 | D:1      | Reached XP level 1. HP: 19/19 MP: 0/0
   106 | D:1      | Reached XP level 2. HP: 27/27 MP: 1/1
   377 | D:1      | Reached XP level 3. HP: 33/33 MP: 2/2
   764 | D:2      | Noticed Robin
   770 | D:2      | Killed Robin
  1026 | D:2      | Found a faded altar of an unknown god.
  1043 | D:2      | Reached XP level 4. HP: 40/40 MP: 3/3
  1043 | D:2      | Prayed at the altar of an unknown god.
  1043 | D:2      | Became a worshipper of Lugonu the Unformed
  1043 | D:2      | Reached * piety under Lugonu
  1592 | D:3      | Slain by a gnoll

Illustrated notes

Levels and vault maps discovered:
D:1:      dpeg_arrival_fog, layout_basic, columned_hall_lemuel
D:2:      layout_basic, basic_ecumenical_altar, minmay_cupped, uniq_robin
D:3:      layout_loops_ring, nicolae_nh_oracle_at_delphi

Skill      XL: |  1  2  3 |
---------------+----------+-----
Shields        | 4 |  4.8
Maces & Flails | 3 |  3.8
Armour         | 4 |  4.2
Fighting       | 4 |  4.1

Action                     |  1- 3 |  4- 6 || total
---------------------------+-------+-------++-------
  Melee: Flail             |    77 |    26 ||   103
         Headbutt          |    10 |     2 ||    12
    Use: Potion            |     1 |       ||     1
 Armour: Scale mail        |    61 |     8 ||    69
  Dodge: Dodged            |    56 |    15 ||    71
  Block: Buckler           |    22 |    13 ||    35
